Map: Orbital Shipyard

Players

Zelos

  • Race: Terran Terran
  • League: Diamond

Arbiterssss - Winner!

  • Race: Protoss Protoss
  • League: Diamond

VOD

Have the link to the VOD?

Description

Time

  • Played on: Oct. 13, 2015, 6:48 p.m.
  • Length: 20:06
Show
View Real Time Build Order
Export as new Build Order

Zelos Terran 

Build Orders: Reaper Expand, MMM Bio 

Get SALT Encoding   

  12  0:00  SCV  
  13  0:13  SCV  
  14  0:17  Supply Depot  
  14  0:25  SCV  
  15  0:39  SCV  
  15  0:40  Barracks  
  16  0:46  Refinery  
  16  0:51  SCV  
  17  1:06  SCV  
  18  1:18  SCV  
  19  1:30  Orbital Command  
  19  1:31  Reaper  
  20  1:40  Command Center  
  20  1:55  Supply Depot  
  20  1:56  SCV  
  20  2:00  Engineering Bay  
  21  2:03  Barracks Reactor  
  21  2:10  SCV  
  22  2:25  SCV, Factory  
  23  2:30  Missile Turret  
  23  2:46  Marine x2  
  23  2:48  SCV  
  26  2:54  Orbital Command  
  26  2:57  Missile Turret  
  26  3:04  SCV, Marine x2  
  29  3:10  Starport  
  29  3:12  Refinery  
  29  3:20  Factory Reactor  
  29  3:21  SCV x2  
  31  3:27  Marine x2  
  31  3:29  Barracks  
  31  3:33  SCV x2  
  35  3:46  SCV x2  
  36  3:51  Medivac  
  38  3:58  SCV x2  
  38  4:00  Widow Mine  
  38  4:01  Widow Mine  
  44  4:03  Barracks Tech Lab  
  44  4:10  SCV x2  
  44  4:14  Missile Turret  
  46  4:18  Command Center  
  46  4:19  Supply Depot  
  46  4:22  Stimpack  
  46  4:40  Marine x3  
  46  4:41  SCV x2  
  46  4:42  Engineering Bay, Medivac  
  46  4:43  Supply Depot  
  53  4:50  Refinery  
  53  4:51  Refinery  
  53  4:53  SCV  
  53  4:54  Supply Depot  
  54  5:04  SCV, Marine x2, Widow Mine x2  
  54  5:05  Marine  
  62  5:08  Supply Depot  
  62  5:12  Supply Depot  
  62  5:32  Marine x2  
  62  5:33  Orbital Command, Marauder  
  66  5:36  Barracks  
  66  5:37  SCV x2  
  66  5:39  Terran Infantry Weapons Level 1, Terran Infantry Armor Level 1  
  66  5:40  Starport Tech Lab  
  66  5:45  Widow Mine x2  
  68  5:54  Supply Depot, Orbital Command  
  68  5:55  Supply Depot  
  68  5:56  Supply Depot, Marine  
  69  5:59  Marauder  
  69  6:03  Marine  
  72  6:09  SCV  
  72  6:10  SCV  
  74  6:17  Widow Mine  
  74  6:18  Widow Mine  
  78  6:21  SCV x2  
  78  6:23  Medivac  
  78  6:24  Barracks Tech Lab  
  82  6:26  Combat Shields  
  82  6:28  SCV  
  82  6:29  Marine  
  82  6:30  Marine  
  85  6:33  SCV  
  85  6:36  Supply Depot  
  85  6:37  Supply Depot  
  85  6:38  SCV  
  87  6:40  SCV  
  87  6:41  Marauder  
  87  6:44  Liberator  
  87  6:45  Marauder  
  93  6:47  SCV  
  93  6:50  SCV  
  94  6:59  SCV x2  
  94  7:00  Widow Mine x2  
  103  7:02  SCV, Marauder  
  103  7:06  Starport  
  106  7:09  Barracks  
  101  7:26  Unknown  
  101  7:27  SCV  
  101  7:28  SCV  
  101  7:29  SCV  
  104  7:30  Refinery x2  
  104  7:33  Liberator  
  104  7:37  Armory  
  104  7:38  Concussive Shells  
  104  7:39  Marauder  
  104  7:40  Marauder, SCV x2, Widow Mine, Marine x2  
  104  7:41  SCV, Barracks, Widow Mine  
  117  7:50  Starport Reactor  
  120  7:52  SCV x2  
  120  7:53  SCV  
  120  7:54  Supply Depot  
  120  7:56  Supply Depot  
  120  7:57  Supply Depot  
  123  8:04  SCV x2, Marine x2  
  123  8:05  SCV, Barracks Tech Lab, Marauder x2  
  132  8:09  Supply Depot  
  132  8:10  Supply Depot  
  132  8:11  Liberator x2  
  132  8:15  Liberator  
  132  8:16  SCV x2  
  132  8:17  SCV  
  135  8:22  Widow Mine x2  
  135  8:25  Marine x2  
  141  8:28  SCV x2  
  141  8:31  Barracks Tech Lab  
  141  8:32  Marauder x2  
  156  8:40  SCV x2  
  158  8:46  Marauder, Marine x2  
  162  8:54  Liberator  
  162  8:59  Marauder x2, Marine  
  162  9:00  Ghost Academy, Liberator x2  
  167  9:04  Marine x2  
  167  9:07  Command Center, Refinery  
  167  9:08  Marauder  
  167  9:09  Missile Turret  
  164  9:21  Marauder, Marine  
  164  9:22  Marine, Marauder  
  176  9:29  Marauder  
  175  9:50  Liberator x3  
  154  10:05  Marine, Marauder x2  
  154  10:06  Marine, Widow Mine x2, Marauder x2  
  158  10:09  SCV x3  
  170  10:15  Command Center  
  170  10:18  Barracks x2  
  170  10:19  Barracks  
  164  10:21  SCV x2  
  164  10:23  Marine  
  164  10:27  Marauder  
  165  10:29  Marauder x3, Marine  
  165  10:33  Liberator  
  168  10:41  Marine, Widow Mine x2  
  161  10:47  Missile Turret  
  161  10:48  Marauder  
  161  10:49  Planetary Fortress  
  163  10:51  Liberator  
  163  10:55  Terran Infantry Weapons Level 2, Terran Infantry Armor Level 2  
  166  11:00  Marauder x3  
  172  11:06  Marine x2  
  172  11:07  Barracks Tech Lab x2  
  172  11:08  Barracks Tech Lab  
  172  11:09  Marauder  
  179  11:16  Widow Mine x2  
  183  11:21  Marauder, Marine x2  
  182  11:28  Liberator x2  
  179  11:34  Command Center  
  179  11:35  Refinery  
  179  11:38  Liberator  
  147  11:42  Marauder x3, Marine x2  
  147  11:44  Marauder x4  
  147  11:46  SCV x2  
  153  11:58  Widow Mine x2  
  153  12:00  SCV x3  
  164  12:01  SCV  
  164  12:04  Orbital Command, Marauder x3  
  164  12:07  Marauder x3, Marine x3  
  178  12:10  Liberator  
  176  12:25  Marauder x4  
  185  12:39  Marine, Marauder x2  
  180  12:51  Liberator x2  
  177  13:07  Marine x2, Marauder x3  
  184  13:22  Marine  
  184  13:23  Marauder x2, Widow Mine x2, Marine  
  191  13:30  Marine, Marauder x2, Orbital Command  
  191  13:31  Marine, Marauder  
  193  13:40  Marine  
  193  13:41  Liberator x2, Marauder  
  196  13:42  Liberator  
  182  13:53  Marauder  
  182  13:54  Marauder  
  163  13:57  Marine, Marauder  
  163  13:58  Marine, Marauder x2  
  180  14:09  Marauder, Widow Mine  
  176  14:10  Marauder, Widow Mine  
  176  14:14  Marine  
  181  14:17  Marauder, Marine x2  
  181  14:19  Marauder x3  
  191  14:28  Refinery  
  191  14:29  Command Center  
  191  14:30  Marine, Orbital Command  
  192  14:32  Command Center  
  192  14:36  Marine x3  
  192  14:37  Marine  
  196  14:38  Marauder  
  196  14:41  Medivac  
  189  15:01  Marine x3  
  189  15:02  Marauder x3, Marine x2  
  189  15:03  Marine  
  192  15:11  Liberator x3  
  184  15:20  Marauder  
  160  15:27  Marauder x3, Marine x3  
  159  15:39  Marauder, Marine  
  159  15:40  Marine  
  157  15:44  Marine  
  157  15:45  Marine  
  151  15:53  Liberator  
  151  15:54  Liberator  
  119  16:01  Marauder x3, Marine x3  
  119  16:02  Marine  
  107  16:04  Marine x2  
  107  16:06  Widow Mine x2  
  119  16:12  SCV  
  120  16:19  Marine  
  120  16:23  Marine x3  
  120  16:24  SCV, Marauder x2, Marine x2  
  131  16:27  Medivac  
  133  16:33  Marauder  
  133  16:37  Marauder, Liberator  
  133  16:38  Terran Vehicle And Ship Armor Level 1  
  133  16:39  Liberator  
  135  16:41  Marine  
  136  16:48  Marauder x3, Marine x2  
  136  16:49  Marauder  
  136  16:51  Orbital Command  
  136  16:53  Medivac  
  148  16:54  Marine  
  148  16:55  Widow Mine  
  148  16:58  Marine  
  139  17:25  Missile Turret  
  139  17:27  Marauder, Marine x2  
  139  17:28  Marauder  
  139  17:29  Missile Turret  
  143  17:31  Marine  
  143  17:32  Marauder x3, Marine  
  143  17:34  Liberator  
  139  17:49  Marine x2  
  139  17:50  Marine x2, Marauder x2  
  139  17:51  Medivac  
  123  18:19  Marauder x2  
  131  18:20  Marauder x5  
  122  18:43  Marauder x3  
  128  18:48  SCV x2  
  130  18:56  Marine  
  76  19:39  Marauder x3, Marine  
  76  19:43  Marine  
Show
View Real Time Build Order
Export as new Build Order

Arbiterssss Protoss - Winner!

Build Orders: 1 Gate Expand, Oracle Opening 

Get SALT Encoding   

  12  0:01  Probe (Chrono Boost)  
  13  0:11  Probe (Chrono Boost)  
  14  0:17  Pylon  
  14  0:22  Probe (Chrono Boost)  
  15  0:30  Assimilator  
  15  0:35  Probe (Chrono Boost)  
  16  0:42  Gateway  
  16  0:46  Probe (Chrono Boost)  
  17  0:56  Probe (Chrono Boost)  
  18  1:07  Probe (Chrono Boost)  
  19  1:18  Nexus  
  19  1:29  Cybernetics Core  
  19  1:30  Probe (Chrono Boost)  
  20  1:35  Assimilator  
  20  1:41  Probe (Chrono Boost)  
  20  1:44  Pylon  
  21  1:51  Probe (Chrono Boost)  
  22  2:01  Probe (Chrono Boost)  
  22  2:05  Warp Gate  
  22  2:06  Adept (Chrono Boost)  
  22  2:08  Assimilator  
  25  2:13  Probe  
  26  2:25  Probe  
  26  2:29  Probe  
  29  2:30  Adept (Chrono Boost)  
  30  2:37  Probe  
  30  2:40  Probe  
  34  2:51  Mothership Core (Chrono Boost)  
  34  2:53  Probe (Chrono Boost)  
  35  3:00  Stargate  
  35  3:04  Probe (Chrono Boost)  
  36  3:10  Probe (Chrono Boost)  
  37  3:14  Probe (Chrono Boost), Pylon  
  37  3:16  Adept  
  40  3:21  Probe (Chrono Boost)  
  40  3:23  Pylon  
  40  3:25  Probe (Chrono Boost)  
  42  3:31  Probe (Chrono Boost)  
  43  3:35  Probe (Chrono Boost)  
  43  3:39  Robotics Facility  
  44  3:42  Probe (Chrono Boost)  
  44  3:44  Oracle  
  44  3:46  Probe (Chrono Boost)  
  49  3:52  Probe (Chrono Boost)  
  49  3:53  Assimilator  
  50  3:56  Probe (Chrono Boost)  
  50  4:00  Gateway x2  
  51  4:03  Probe (Chrono Boost)  
  51  4:07  Probe (Chrono Boost)  
  51  4:09  Pylon  
  53  4:13  Probe (Chrono Boost)  
  54  4:17  Pylon  
  54  4:18  Probe (Chrono Boost)  
  56  4:24  Probe (Chrono Boost)  
  56  4:28  Twilight Council  
  56  4:35  Probe (Chrono Boost)  
  57  4:39  Robotics Bay  
  57  4:40  Observer  
  57  4:43  Probe (Chrono Boost)  
  59  4:47  Twilight Council  
  59  4:49  Probe (Chrono Boost)  
  60  4:53  Stalker  
  60  4:54  Probe (Chrono Boost)  
  63  5:02  Probe (Chrono Boost)  
  63  5:05  Nexus, Observer  
  65  5:08  Pylon  
  65  5:10  Probe (Chrono Boost)  
  66  5:15  Blink (Chrono Boost)  
  66  5:19  Probe  
  67  5:23  Probe, Forge x2  
  67  5:28  Observer  
  67  5:31  Probe  
  67  5:33  Probe  
  68  5:43  Probe  
  68  5:44  Stalker  
  68  5:46  Probe  
  68  5:49  Disruptor  
  75  5:55  Probe  
  75  5:56  Probe  
  76  6:02  Stalker x2  
  76  6:04  Protoss Ground Weapons Level 1 (Chrono Boost), Protoss Ground Armor Level 1 (Chrono Boost)  
  80  6:11  Pylon  
  80  6:13  Pylon  
  80  6:15  Probe  
  80  6:16  Pylon  
  81  6:25  Gateway x2  
  81  6:26  Photon Cannon  
  81  6:27  Stalker x3  
  81  6:30  Probe  
  88  6:34  Photon Cannon  
  88  6:35  Probe  
  89  6:40  Probe  
  89  6:42  Probe  
  91  6:47  Probe, Pylon  
  91  6:52  Disruptor  
  91  6:54  Pylon  
  95  6:57  Photon Cannon  
  95  6:59  Probe, Photon Cannon  
  96  7:03  Stalker x2  
  100  7:11  Probe  
  96  7:17  Probe  
  96  7:18  Probe  
  96  7:22  Assimilator x2  
  98  7:25  Gateway  
  98  7:28  Disruptor  
  98  7:32  Gateway x2  
  98  7:45  Probe  
  98  7:48  Protoss Ground Weapons Level 2 (Chrono Boost)  
  98  7:49  Stalker x2  
  98  7:50  Stalker x3  
  98  7:51  Protoss Ground Armor Level 2 (Chrono Boost)  
  109  8:03  Disruptor  
  112  8:12  Nexus  
  112  8:14  Pylon  
  112  8:16  Pylon  
  112  8:19  Pylon  
  112  8:20  Pylon  
  112  8:23  Gateway, Probe  
  112  8:24  Gateway  
  113  8:30  Probe  
  114  8:38  Probe  
  114  8:40  Stalker x6, Observer (Chrono Boost), Photon Cannon  
  127  8:54  Robotics Facility  
  127  8:58  Probe  
  127  9:00  Observer (Chrono Boost)  
  127  9:01  Probe  
  127  9:02  Probe  
  129  9:10  Probe  
  129  9:14  Stalker x6  
  142  9:18  Disruptor (Chrono Boost)  
  145  9:37  Probe  
  146  9:39  Probe  
  145  9:46  Stalker  
  145  9:47  Stalker x5  
  145  9:49  Disruptor (Chrono Boost)  
  145  9:50  Probe  
  161  9:56  Probe  
  161  9:58  Probe  
  152  10:06  Disruptor (Chrono Boost)  
  146  10:11  Stalker x6  
  146  10:12  Stalker x2  
  160  10:21  Probe  
  159  10:28  Probe  
  158  10:29  Disruptor (Chrono Boost)  
  158  10:30  Probe  
  158  10:33  Probe  
  159  10:43  Probe  
  159  10:44  Protoss Ground Weapons Level 3  
  159  10:45  Stalker x7  
  159  10:46  Stalker x2  
  159  10:48  Photon Cannon  
  178  10:50  Photon Cannon  
  178  10:52  Probe  
  178  10:53  Photon Cannon  
  178  10:54  Assimilator  
  178  10:56  Assimilator  
  179  11:07  Nexus, Observer (Chrono Boost)  
  179  11:11  Pylon  
  180  11:13  Pylon  
  172  11:44  Disruptor (Chrono Boost)  
  167  11:49  Stalker x9  
  167  11:50  Stalker  
  167  11:52  Pylon  
  187  11:57  Pylon  
  187  12:03  Pylon  
  187  12:05  Dark Shrine  
  187  12:06  Probe x2  
  187  12:07  Templar Archives  
  189  12:12  Nexus  
  189  12:17  Probe  
  189  12:19  Pylon  
  188  12:23  Disruptor (Chrono Boost)  
  188  12:26  Assimilator  
  188  12:28  Disruptor (Chrono Boost)  
  194  12:33  Assimilator  
  194  12:35  Stalker x5  
  196  12:52  Stalker  
  196  12:53  Stalker  
  194  13:00  Photon Cannon x2  
  194  13:02  Photon Cannon  
  190  13:05  Pylon  
  190  13:11  Stalker x2  
  190  13:12  Stalker x4  
  200  13:34  Stalker x5  
  192  13:38  Photon Cannon  
  200  13:42  Photon Cannon  
  200  13:43  Photon Cannon  
  200  13:45  Photon Cannon  
  151  13:58  Stalker x6  
  151  13:59  Stalker x4  
  151  14:02  Disruptor (Chrono Boost)  
  161  14:07  Disruptor (Chrono Boost)  
  159  14:10  Photon Cannon  
  159  14:11  Photon Cannon  
  159  14:12  Protoss Ground Armor Level 3  
  159  14:14  Photon Cannon  
  159  14:17  Protoss Shields Level 1, Photon Cannon  
  159  14:19  Gateway  
  159  14:22  Stalker x6, Gateway  
  171  14:24  Gateway  
  171  14:26  Gateway  
  171  14:34  Observer (Chrono Boost)  
  172  14:42  Photon Cannon  
  161  15:01  Mothership Core  
  163  15:08  Stalker x5  
  163  15:09  Stalker x2  
  163  15:28  Probe  
  148  15:30  Observer (Chrono Boost)  
  148  15:35  Probe  
  144  15:36  Stalker  
  144  15:37  Stalker x9  
  146  16:00  Probe  
  146  16:02  Stalker x2  
  146  16:03  Stalker x8  
  160  16:06  Photon Cannon  
  160  16:08  Probe  
  161  16:11  Probe  
  161  16:12  Photon Cannon  
  161  16:14  Photon Cannon  
  161  16:16  Probe  
  161  16:17  Assimilator  
  163  16:26  Pylon  
  163  16:28  Dark Templar  
  163  16:29  Dark Templar  
  163  16:32  Probe  
  168  16:33  Probe  
  168  16:36  Stalker x7  
  183  16:40  Probe  
  183  16:45  Probe  
  185  17:03  Nexus  
  185  17:04  Photon Cannon  
  185  17:06  Assimilator  
  185  17:09  Probe  
  185  17:11  Assimilator  
  184  17:25  Stalker x2  
  184  17:26  Stalker x7  
  198  17:33  Stalker, Robotics Facility  
  200  17:43  Protoss Shields Level 2  
  199  17:45  Probe  
  198  17:52  Stalker  
  196  18:13  Disruptor (Chrono Boost)  
  183  18:29  Stalker x5  
  192  18:41  Stalker x4  
  192  18:44  Disruptor (Chrono Boost)  
  200  19:11  Nexus  
  200  19:13  Pylon  
  200  19:17  Pylon  
  200  19:23  Stalker x3  
  184  19:38  Stalker x7  
  175  19:44  Probe  
  175  20:03  Stalker  
  175  20:04  Stalker x5  
Tags
 
Add a new tag
Caveats
  • Supply blocks, unpowered buildings, or Contaminate may cause inaccurate times.
  • Supply counts are checked every 10 seconds.